General information
- name: BNet
- type: Ladder team game (AT/RT)
- host: Battle.net
- saver: TheCruelBeast
map: TwilightRuins
- players: 8
- length: 45:09
- speed: Fast
- version: 1.26 W3XP
- replay type: Public
» download(239 KB)
Players
team 1 (loser)
SpicyHam (
green | 30 APM | 1357 actions | 45:09)
6 Blademaster
3 Wind Walk
3 Critical Strike
5 Tauren Chieftain
3 Endurance Aura
2 War Stomp
» actions
| Assign group hotkey | 17 | |
| Basic commands | 4 | |
| Build / train | 64 | |
| Enter build submenu | 19 | |
| Enter hero's abilities submenu | 11 | |
| Give item / drop item | 5 | |
| Right click | 486 | |
| Select / deselect | 332 | |
| Select group hotkey | 325 | |
| Use ability | 94 | |
1357 total
» units
» upgrades
| Ranged Weapons | 3 | |
| Envenomed Spears | 1 | |
| Reinforced Defenses | 1 | |
| Armor | 2 | |
| Spiked Barricades | 1 | |
| Melee Weapons | 1 | |
9 total
» buildings
| Orc Burrow | 8 | |
| Altar of Storms | 1 | |
| Voodoo Lounge | 1 | |
| Stronghold | 3 | |
| Beastiary | 2 | |
| War Mill | 2 | |
| Fortress | 1 | |
| Watch Tower | 3 | |
| Great Hall | 2 | |
23 total
» build order
00:55 Orc Burrow
00:57 Altar of Storms
01:52 Voodoo Lounge
02:59 Orc Burrow
03:04 Stronghold
03:04 Stronghold
03:04 Stronghold
03:38 Orc Burrow
05:39 Beastiary
05:40 Beastiary
05:42 Orc Burrow
05:44 War Mill
07:53 Fortress
08:20 Orc Burrow
08:22 Watch Tower
11:18 Orc Burrow
12:12 Orc Burrow
16:10 Great Hall
16:11 Watch Tower
18:14 Watch Tower
18:36 War Mill
19:57 Orc Burrow
25:48 Great Hall
» items
| Healing Salve | 4 | |
| Potion of Lesser Invulnerability | 2 | |
| Scroll of Healing | 1 | |
| Lesser Clarity Potion | 2 | |
| Orb of Lightning | 1 | |
| Scroll of Town Portal | 2 | |
12 total
CSEVEN (
purple | 40 APM | 1119 actions | 28:16)
4 Archmage
2 Summon Water Elemental
2 Brilliance Aura
» actions
| Basic commands | 12 | |
| Build / train | 134 | |
| Enter build submenu | 53 | |
| Enter hero's abilities submenu | 4 | |
| Remove unit from queue | 1 | |
| Right click | 452 | |
| Select / deselect | 387 | |
| Use ability | 76 | |
1119 total
» units
| Peasant | 24 | |
| Flying Machine | 50 | |
| Siege Engine | 10 | |
84 total
» upgrades
| Masonry | 3 | |
| Gunpowder | 3 | |
| Plating | 3 | |
| Lumber Harvesting | 2 | |
| Flying Machine Bombs | 1 | |
| Flak Cannons | 1 | |
| Barrage | 1 | |
14 total
» buildings
| Farm | 13 | |
| Altar of Kings | 1 | |
| Lumber Mill | 2 | |
| Scout Tower | 25 | |
| Arcane Tower | 1 | |
| Guard Tower | 22 | |
| Town Hall | 5 | |
| Blacksmith | 1 | |
| Keep | 1 | |
| Castle | 2 | |
| Workshop | 5 | |
| Arcane Vault | 1 | |
79 total
» build order
00:08 Farm
00:11 Altar of Kings
00:53 Lumber Mill
01:07 Scout Tower
01:25 Scout Tower
01:36 Farm
02:00 Arcane Tower
03:08 Guard Tower
03:12 Scout Tower
03:43 Scout Tower
03:44 Guard Tower
04:27 Town Hall
04:32 Scout Tower
04:34 Scout Tower
04:54 Guard Tower
04:54 Guard Tower
04:55 Guard Tower
05:04 Guard Tower
05:05 Guard Tower
05:21 Scout Tower
05:25 Scout Tower
05:50 Guard Tower
05:52 Scout Tower
06:04 Guard Tower
06:19 Guard Tower
06:20 Guard Tower
06:22 Scout Tower
06:29 Guard Tower
06:33 Farm
06:39 Blacksmith
06:57 Scout Tower
07:01 Keep
07:07 Farm
07:28 Guard Tower
08:11 Scout Tower
08:17 Scout Tower
08:25 Scout Tower
08:28 Scout Tower
08:33 Guard Tower
08:37 Farm
08:42 Scout Tower
08:46 Guard Tower
08:46 Guard Tower
08:48 Scout Tower
08:51 Guard Tower
08:54 Scout Tower
08:57 Guard Tower
09:01 Scout Tower
09:08 Guard Tower
09:11 Farm
09:13 Farm
09:17 Farm
09:24 Lumber Mill
09:26 Castle
09:27 Castle
09:35 Guard Tower
09:40 Guard Tower
09:50 Farm
10:00 Workshop
10:29 Arcane Vault
10:50 Farm
10:59 Workshop
11:11 Workshop
11:33 Workshop
11:45 Farm
11:59 Workshop
12:36 Farm
12:40 Farm
19:11 Town Hall
19:38 Scout Tower
19:42 Scout Tower
19:45 Scout Tower
19:47 Scout Tower
20:19 Guard Tower
20:48 Town Hall
21:40 Scout Tower
21:46 Scout Tower
23:57 Town Hall
27:09 Town Hall
» items
| Scroll of Regeneration | 1 | |
| Potion of Healing | 1 | |
| Scroll of Town Portal | 1 | |
3 total
K5666 (
blue | 128 APM | 3881 actions | 30:18)
6 Blademaster
3 Critical Strike
2 Wind Walk
1 Bladestorm
4 Shadow Hunter
2 Healing Wave
2 Hex
3 Tauren Chieftain
2 Endurance Aura
1 Shockwave
» actions
| Assign group hotkey | 30 | |
| Basic commands | 293 | |
| Build / train | 143 | |
| ESC pressed | 1 | |
| Enter build submenu | 30 | |
| Enter hero's abilities submenu | 13 | |
| Give item / drop item | 10 | |
| Right click | 804 | |
| Select / deselect | 417 | |
| Select group hotkey | 1956 | |
| Use ability | 183 | |
3881 total
» units
| Peon | 26 | |
| Grunt | 13 | |
| Goblin Shredder | 3 | |
| Shaman | 7 | |
| Tauren | 6 | |
| Kodo Beast | 2 | |
| Troll Batrider | 1 | |
58 total
» upgrades
| Armor | 3 | |
| Berserker Strength | 1 | |
| Melee Weapons | 2 | |
| Shaman Training | 2 | |
| Reinforced Defenses | 1 | |
| Pulverize | 1 | |
| War Drums Damage Increase | 1 | |
| Pillage | 1 | |
12 total
» buildings
| Altar of Storms | 1 | |
| Orc Burrow | 8 | |
| Barracks | 1 | |
| Voodoo Lounge | 1 | |
| War Mill | 1 | |
| Great Hall | 3 | |
| Watch Tower | 11 | |
| Stronghold | 4 | |
| Fortress | 2 | |
| Spirit Lodge | 1 | |
| Tauren Totem | 1 | |
| Beastiary | 1 | |
35 total
» build order
00:07 Altar of Storms
00:14 Orc Burrow
00:30 Barracks
01:27 Orc Burrow
01:50 Voodoo Lounge
02:24 War Mill
04:06 Great Hall
04:21 Watch Tower
04:34 Watch Tower
05:06 Stronghold
05:06 Stronghold
05:06 Stronghold
05:24 Orc Burrow
06:11 Watch Tower
07:11 Watch Tower
07:19 Watch Tower
07:48 Orc Burrow
08:22 Fortress
08:35 Spirit Lodge
11:50 Tauren Totem
11:53 Beastiary
14:15 Orc Burrow
14:17 Watch Tower
14:20 Orc Burrow
17:12 Orc Burrow
18:21 Orc Burrow
20:56 Great Hall
21:09 Watch Tower
22:55 Watch Tower
28:16 Great Hall
28:19 Watch Tower
28:20 Watch Tower
28:21 Watch Tower
» items
| Healing Salve | 5 | |
| Lesser Clarity Potion | 8 | |
| Potion of Lesser Invulnerability | 5 | |
| Periapt of Vitality | 5 | |
| Scroll of Speed | 4 | |
| Scroll of Town Portal | 2 | |
| Orb of Lightning | 1 | |
| Potion of Healing | 2 | |
| Potion of Mana | 1 | |
| Scroll of Healing | 1 | |
34 total
TheCruelBeast (
teal | 45 APM | 2020 actions | 45:09)
9 Archmage
3 Summon Water Elemental
3 Brilliance Aura
1 Mass Teleport
2 Blizzard
» actions
| Assign group hotkey | 67 | |
| Basic commands | 304 | |
| Build / train | 83 | |
| Enter build submenu | 40 | |
| Enter hero's abilities submenu | 9 | |
| Give item / drop item | 8 | |
| Right click | 682 | |
| Select / deselect | 384 | |
| Select group hotkey | 312 | |
| Use ability | 131 | |
2020 total
» units
| Peasant | 12 | |
| Footman | 5 | |
| Goblin Shredder | 1 | |
| Gryphon Rider | 12 | |
| Goblin Sapper | 15 | |
45 total
» upgrades
| Masonry | 3 | |
| Swords | 3 | |
| Armor | 3 | |
| Animal War Training | 1 | |
| Storm Hammers | 1 | |
| Cloud | 1 | |
12 total
» buildings
| Altar of Kings | 1 | |
| Barracks | 1 | |
| Farm | 12 | |
| Keep | 1 | |
| Arcane Vault | 1 | |
| Town Hall | 2 | |
| Lumber Mill | 1 | |
| Castle | 1 | |
| Gryphon Aviary | 4 | |
| Blacksmith | 2 | |
| Scout Tower | 26 | |
| Guard Tower | 4 | |
56 total
» build order
00:36 Altar of Kings
00:38 Barracks
00:51 Farm
00:52 Farm
01:05 Farm
01:34 Farm
03:18 Keep
03:33 Arcane Vault
04:34 Town Hall
04:40 Lumber Mill
05:34 Farm
06:17 Castle
07:27 Gryphon Aviary
07:28 Gryphon Aviary
07:29 Gryphon Aviary
07:29 Gryphon Aviary
07:31 Blacksmith
07:36 Blacksmith
07:40 Farm
10:23 Scout Tower
10:25 Scout Tower
10:27 Scout Tower
10:29 Scout Tower
10:33 Scout Tower
12:59 Guard Tower
14:46 Scout Tower
14:47 Scout Tower
14:48 Scout Tower
14:48 Scout Tower
14:49 Scout Tower
14:52 Scout Tower
14:53 Scout Tower
14:55 Scout Tower
14:57 Scout Tower
14:58 Scout Tower
14:59 Scout Tower
14:59 Scout Tower
15:00 Scout Tower
15:02 Scout Tower
15:03 Scout Tower
15:05 Scout Tower
15:06 Scout Tower
15:07 Scout Tower
15:08 Scout Tower
15:09 Scout Tower
15:10 Scout Tower
15:36 Guard Tower
16:02 Guard Tower
16:58 Guard Tower
19:57 Farm
19:57 Farm
19:57 Farm
20:00 Farm
20:01 Farm
20:01 Farm
27:30 Town Hall
» items
| Scroll of Regeneration | 2 | |
| Mechanical Critter | 5 | |
| Staff of Teleportation | 1 | |
| Periapt of Vitality | 1 | |
| Potion of Invisibility | 1 | |
10 total
team 2 (winner)
R.I.P-K1laC87 (
pink | 39 APM | 608 actions | 15:35)
3 Death Knight
2 Death Coil
1 Unholy Aura
2 Lich
1 Frost Nova
1 Frost Armor
» actions
| Assign group hotkey | 2 | |
| Basic commands | 53 | |
| Build / train | 58 | |
| Enter build submenu | 26 | |
| Enter hero's abilities submenu | 5 | |
| Give item / drop item | 1 | |
| Remove unit from queue | 1 | |
| Right click | 177 | |
| Select / deselect | 211 | |
| Select group hotkey | 4 | |
| Use ability | 70 | |
608 total
» units
| Acolyte | 15 | |
| Ghoul | 3 | |
| Crypt Fiend | 13 | |
31 total
» upgrades
| Creature Attack | 1 | |
| Creature Carapace | 1 | |
| Web | 1 | |
3 total
» buildings
| Ziggurat | 10 | |
| Crypt | 1 | |
| Altar of Darkness | 1 | |
| Tomb of Relics | 1 | |
| Graveyard | 1 | |
| Nerubian Tower | 3 | |
| Halls of the Dead | 1 | |
| Black Citadel | 1 | |
| Necropolis | 1 | |
| Spirit Tower | 1 | |
| Sacrificial Pit | 1 | |
| Boneyard | 1 | |
23 total
» build order
00:05 Ziggurat
00:08 Ziggurat
00:50 Crypt
00:52 Altar of Darkness
00:56 Tomb of Relics
01:25 Graveyard
01:35 Ziggurat
01:47 Nerubian Tower
02:56 Ziggurat
04:54 Halls of the Dead
05:01 Ziggurat
06:58 Nerubian Tower
09:31 Black Citadel
10:32 Ziggurat
10:34 Ziggurat
10:35 Ziggurat
10:37 Ziggurat
10:39 Ziggurat
10:46 Necropolis
11:37 Spirit Tower
12:43 Sacrificial Pit
14:34 Boneyard
15:29 Nerubian Tower
» items
| Rod of Necromancy | 2 | |
| Dust of Appearance | 1 | |
| Gloves of Haste | 1 | |
| Claws of Attack +6 | 1 | |
| Potion of Healing | 1 | |
| Sacrificial Skull | 1 | |
| Scroll of Town Portal | 2 | |
9 total
lKN0WHATIMDOlN (
red | 65 APM | 948 actions | 14:29)
2 Mountain King
1 Storm Bolt
1 Bash
1 Paladin
1 Holy Light
» actions
| Assign group hotkey | 15 | |
| Basic commands | 47 | |
| Build / train | 59 | |
| Enter build submenu | 32 | |
| Enter hero's abilities submenu | 3 | |
| Remove unit from queue | 1 | |
| Right click | 162 | |
| Select / deselect | 201 | |
| Select group hotkey | 393 | |
| Use ability | 35 | |
948 total
» units
| Peasant | 10 | |
| Rifleman | 11 | |
| Goblin Shredder | 3 | |
24 total
» upgrades
| Masonry | 2 | |
| Gunpowder | 2 | |
| Armor | 2 | |
| Lumber Harvesting | 1 | |
| Long Rifles | 1 | |
8 total
» buildings
| Lumber Mill | 1 | |
| Altar of Kings | 1 | |
| Farm | 9 | |
| Scout Tower | 11 | |
| Arcane Tower | 3 | |
| Blacksmith | 1 | |
| Barracks | 1 | |
| Guard Tower | 12 | |
| Keep | 1 | |
| Town Hall | 1 | |
| Castle | 1 | |
42 total
» build order
00:11 Lumber Mill
00:20 Altar of Kings
00:43 Farm
00:57 Scout Tower
01:14 Scout Tower
01:38 Arcane Tower
02:02 Farm
02:11 Farm
02:13 Arcane Tower
02:33 Blacksmith
02:39 Scout Tower
02:52 Barracks
03:17 Guard Tower
03:21 Scout Tower
03:50 Scout Tower
03:53 Guard Tower
03:57 Farm
04:00 Farm
05:03 Guard Tower
06:28 Farm
06:35 Keep
07:49 Town Hall
07:55 Scout Tower
07:56 Scout Tower
07:58 Scout Tower
08:00 Scout Tower
08:05 Scout Tower
08:22 Guard Tower
08:22 Guard Tower
08:25 Guard Tower
08:25 Guard Tower
08:31 Arcane Tower
08:33 Guard Tower
08:33 Guard Tower
08:37 Farm
08:39 Farm
08:52 Farm
10:04 Scout Tower
11:35 Guard Tower
12:17 Castle
» items
| Mana Stone | 1 | |
| Ring of Protection +2 | 1 | |
| Healing Wards | 1 | |
| Sentry Wards | 1 | |
4 total
MANCERAYDAR. (
orange | 61 APM | 2767 actions | 45:09)
5 Blademaster
3 Wind Walk
2 Critical Strike
1 Paladin
1 Devotion Aura
1 Lich
1 Frost Nova
» actions
| Assign group hotkey | 58 | |
| Basic commands | 219 | |
| Build / train | 83 | |
| Enter build submenu | 28 | |
| Enter hero's abilities submenu | 7 | |
| Give item / drop item | 4 | |
| Remove unit from queue | 2 | |
| Right click | 1185 | |
| Select / deselect | 350 | |
| Select group hotkey | 580 | |
| Use ability | 246 | |
2767 total
» units
| Peon | 10 | |
| Goblin Shredder | 3 | |
| Wind Rider | 5 | |
| Troll Batrider | 11 | |
| Frost Wyrm | 4 | |
| Raider | 1 | |
34 total
» upgrades
| Ranged Weapons | 2 | |
| Armor | 2 | |
| Reinforced Defenses | 1 | |
| Envenomed Spears | 1 | |
| Liquid Fire | 1 | |
| Ensnare | 1 | |
8 total
» buildings
| Altar of Storms | 1 | |
| Orc Burrow | 7 | |
| Voodoo Lounge | 1 | |
| War Mill | 1 | |
| Stronghold | 2 | |
| Watch Tower | 30 | |
| Great Hall | 1 | |
| Fortress | 2 | |
| Beastiary | 3 | |
| Scout Tower | 7 | |
| Guard Tower | 6 | |
| Spirit Tower | 3 | |
| Town Hall | 1 | |
65 total
» build order
00:07 Altar of Storms
00:14 Orc Burrow
00:58 Voodoo Lounge
01:33 War Mill
02:06 Stronghold
02:06 Stronghold
02:40 Orc Burrow
02:52 Watch Tower
03:10 Orc Burrow
03:30 Orc Burrow
04:20 Great Hall
06:03 Watch Tower
06:03 Watch Tower
06:05 Watch Tower
06:05 Watch Tower
06:54 Fortress
06:57 Beastiary
07:19 Watch Tower
08:01 Beastiary
08:14 Watch Tower
08:15 Watch Tower
08:19 Watch Tower
11:32 Beastiary
11:50 Watch Tower
11:51 Watch Tower
11:51 Watch Tower
11:52 Watch Tower
12:52 Watch Tower
12:53 Watch Tower
13:42 Orc Burrow
15:48 Watch Tower
15:49 Watch Tower
15:49 Watch Tower
15:50 Watch Tower
15:51 Watch Tower
15:51 Watch Tower
15:51 Watch Tower
15:53 Watch Tower
15:53 Watch Tower
15:54 Watch Tower
15:55 Watch Tower
18:36 Watch Tower
18:36 Watch Tower
18:37 Watch Tower
18:37 Watch Tower
22:59 Scout Tower
22:59 Scout Tower
22:59 Scout Tower
23:00 Scout Tower
23:01 Scout Tower
23:01 Scout Tower
23:42 Guard Tower
23:42 Guard Tower
23:46 Guard Tower
23:53 Spirit Tower
23:53 Spirit Tower
24:19 Guard Tower
24:19 Guard Tower
27:57 Town Hall
36:44 Orc Burrow
» items
| Healing Salve | 3 | |
| Potion of Healing | 1 | |
| Boots of Speed | 1 | |
| Staff of Teleportation | 1 | |
| Orb of Lightning | 1 | |
| Lesser Clarity Potion | 3 | |
| Potion of Lesser Invulnerability | 2 | |
| Scroll of Town Portal | 2 | |
14 total

»
kellonie (
yellow | 33 APM | 1503 actions | 45:09)
6 Dark Ranger
3 Black Arrow
2 Silence
1 Charm
3 Priestess of the Moon
2 Trueshot Aura
1 Searing Arrows
2 Death Knight
1 Unholy Aura
1 Death Coil
1 Mountain King
1 Storm Bolt
» actions
| Assign group hotkey | 19 | |
| Basic commands | 69 | |
| Build / train | 149 | |
| Enter build submenu | 20 | |
| Enter hero's abilities submenu | 12 | |
| Give item / drop item | 2 | |
| Right click | 441 | |
| Select / deselect | 486 | |
| Select group hotkey | 203 | |
| Use ability | 102 | |
1503 total
» units
| Wisp | 35 | |
| Archer | 43 | |
| Knight | 20 | |
| Ghoul | 13 | |
111 total
» upgrades
| Strength of the Moon | 3 | |
| Moon Armor | 3 | |
| Improved Bows | 1 | |
| Marksmanship | 1 | |
| Gunpowder | 1 | |
| Armor | 1 | |
| Swords | 2 | |
| Plating | 1 | |
| Freezing Breath | 1 | |
| Creature Attack | 1 | |
| Creature Carapace | 1 | |
| Animal War Training | 1 | |
17 total
» buildings
| Moon Well | 6 | |
| Altar of Elders | 1 | |
| Ancient of War | 2 | |
| Hunter's Hall | 1 | |
| Tree of Life | 3 | |
| Ancient Protector | 1 | |
| Tree of Ages | 1 | |
| Tree of Eternity | 1 | |
| Farm | 8 | |
| Barracks | 1 | |
| Ziggurat | 5 | |
| Guard Tower | 1 | |
31 total
» build order
00:47 Moon Well
00:54 Altar of Elders
01:11 Ancient of War
01:29 Moon Well
01:59 Moon Well
03:30 Moon Well
04:42 Hunter's Hall
05:32 Tree of Life
06:05 Ancient Protector
06:13 Tree of Ages
09:21 Tree of Life
09:46 Moon Well
09:56 Tree of Eternity
12:10 Moon Well
13:55 Ancient of War
16:01 Tree of Life
18:19 Farm
18:20 Farm
18:21 Farm
18:21 Farm
18:22 Farm
18:23 Farm
18:23 Farm
18:24 Farm
20:09 Barracks
20:26 Ziggurat
20:28 Ziggurat
20:28 Ziggurat
20:29 Ziggurat
20:30 Ziggurat
23:41 Guard Tower
» items
| Scroll of Town Portal | 3 | |
| Potion of Healing | 1 | |
4 total
Chat log
(00:15 / All) TheCruelBeast: I've got something in my pocket would you like to retrieve it for me?
(00:29 / All) MANCERAYDAR.: wat is it
(00:34 / All) lKN0WHATIMDOlN: dz nts
(00:37 / All) R.I.P-K1laC87: †
(01:54 / Allies) SpicyHam: air here
(01:58 / Allies) TheCruelBeast: air here
(02:03 / Allies) K5666: melee
(05:09 / All) MANCERAYDAR.: wholy shit i didnt evne click on the creep and it creeped something
(05:46 / All) SpicyHam: that's a good thing rigt
(07:51 / All) MANCERAYDAR.: blue u nigger hacker
(09:04 / Allies) SpicyHam: phew
(09:15 / Allies) SpicyHam: his silence missed by an inch me think
(11:07 / Allies) SpicyHam: go help him
(11:09 / Allies) SpicyHam: ok nvm
(11:59 / Allies) SpicyHam: raoped
(12:03 / Allies) SpicyHam: UD got mega raped
(12:27 / All) MANCERAYDAR.: gay
(12:36 / Allies) SpicyHam: heading toward elf base
(14:24 / Allies) CSEVEN: ty
(14:26 / Allies) CSEVEN: damn
(14:29 / All) SpicyHam: likely
(15:21 / All) R.I.P-K1laC87: blue ur fkn terrible niga
(15:41 / All) MANCERAYDAR.: Freaking cowards
(16:02 / All) CSEVEN: im playing chess
(16:09 / All) CSEVEN: yall playing checkers
(16:15 / All) CSEVEN: lol
(16:31 / All) CSEVEN: lol
(17:37 / All) CSEVEN: bye noobs
(18:02 / Allies) SpicyHam: thx nigga
(18:09 / All) CSEVEN: lmao
(18:20 / Allies) SpicyHam: yes tower day
(20:33 / All) CSEVEN: lol
(21:47 / Allies) SpicyHam: die die die bats
(24:53 / Allies) SpicyHam: oh u put a lot of thought into it, white nerd
(25:01 / All) TheCruelBeast: CRACKER PRYDE
(25:08 / All) TheCruelBeast: THE SOUTH WILL RISE AGAIN
(25:09 / Allies) SpicyHam: is this what u pinkies do on fridays
(25:16 / Allies) SpicyHam: u r just a faggot who is unrelated to south
(25:21 / Allies) TheCruelBeast: as opposed to playin for record? LOL
(25:25 / All) SpicyHam: go actually fuss it up with niggers
(25:37 / All) SpicyHam: u just may be a white nigger urself, for all I know by behavior
(25:55 / All) SpicyHam: oh see, still at it, what an ugly weirdo still alive
(26:02 / All) SpicyHam: u probably had spent days thinking it up
(27:35 / All) CSEVEN: lokl
(27:50 / Allies) SpicyHam: this white nigger is just attacking teammates
(27:56 / All) SpicyHam: and does it in such agility that only white niggers can do
(28:06 / All) SpicyHam: no wonder we lost destroit, with weirdo pinkies that never jump off a bridge like this one
(28:15 / All) SpicyHam: sad that their mother repeatedly get raped and dont' abort this weirdo fuck
(28:22 / All) SpicyHam: get a knife and cut urself open, nasty white nigger
(28:23 / All) MANCERAYDAR.: lawl
(28:31 / All) SpicyHam: it still doing it
(28:42 / All) SpicyHam: I neer see remotely any near demonstration of will on actual uselful content
(28:45 / All) MANCERAYDAR.: tanks are so imba
(28:50 / Allies) K5666: lost?
(29:05 / All) TheCruelBeast: I AM THE WRATH OF GOD
(29:13 / All) SpicyHam: u r an faggot wiht a computer
(29:18 / All) SpicyHam: an invalid entity
(29:27 / All) SpicyHam: after Hilter II returns, ur types will be first gassed
(29:39 / All) SpicyHam: not only r u a short midget who hdies in basement
(29:54 / All) SpicyHam: u r just a white nigger, on the same tier, gotten a computer and now dosing on here, instead of wrecking on p0rn sites. samedog
(30:02 / All) MANCERAYDAR.: LOL
(30:03 / All) SpicyHam: Is any of my great gospel not true?
(30:18 / All) SpicyHam: 9.6k gold, still chasing down teammates
(30:20 / All) TheCruelBeast: Whoever deserts shall be cut up into 198 pieces and those shall be stamped on until what is left may only be used to paint wall
(30:23 / All) TheCruelBeast: walls
(30:29 / All) TheCruelBeast: I am the Wrath of God, the earth I pass will see me and tremble
(30:38 / All) SpicyHam: no u r an emotional distrot ugly boy
(30:46 / All) SpicyHam: why shoulda been aborted and hanged by ur own raped mother
(31:01 / All) SpicyHam: this guy has no diea what it is doing
(31:07 / All) SpicyHam: such is the typical pinkie cerebral
(31:16 / All) SpicyHam: I have written a 341 page pdf file on how to gas u in Hollowcost II
(31:19 / All) SpicyHam: enjoy that, my friend.
(31:32 / All) SpicyHam: destiny picked me to bump into u cerebral
(31:42 / All) SpicyHam: and destiny favors u to be gassed. my failed xy-chromosome combination
(31:57 / All) SpicyHam: after hearing my page 1 of my lesson to u, my bacteria
(32:01 / All) TheCruelBeast: white men to be killed, black lesbians master race?
(32:05 / All) SpicyHam: go to the kitchen counter, play with the new toy
(32:12 / All) SpicyHam: u r not even white if ur behavior is like this
(32:19 / All) SpicyHam: u r just a white-nigger, not the same thing as European, such as I am
(32:28 / All) SpicyHam: u r the type that let nigger grow and never cut them to pieces
(32:32 / All) SpicyHam: u R the nigger.
(32:41 / All) SpicyHam: not trying to be meaningful or true here, just saying the facts.
(32:51 / All) SpicyHam: u know. I could eat more carrots and type at my normal speed more
(32:54 / All) TheCruelBeast: I am the king of battlenet, you should address me with more respect
(32:58 / All) SpicyHam: to teach u some relevations of truths, my bacteria faggot
(33:10 / All) SpicyHam: u r an emotional faggot male with wrong xy-chromsome gene, raised by a caucasian bitch
(33:14 / All) SpicyHam: who are usually too nice to rapists
(33:21 / All) SpicyHam: and never drown the saproling
(33:35 / All) SpicyHam: I dont even breathe oxygen and me types 5 times faster than u, please die in a little fire
(33:38 / All) TheCruelBeast: I am the king of battlenet, how do you address me in this foul manner?
(33:44 / All) TheCruelBeast: I will have you flogged, pathetic worm
(33:49 / All) SpicyHam: and start talking to ur identical cancers. we see too many of u weirdo beta-ism cancer males here
(33:59 / All) SpicyHam: u only pick fights on war3
(34:01 / All) SpicyHam: and does it in this way
(34:16 / All) TheCruelBeast: You see really tough and mentally stable
(34:18 / All) SpicyHam: bow down, bitch, u know u r not main in this world, otherwise would've said different
(34:21 / All) TheCruelBeast: Just kidding
(34:25 / All) SpicyHam: world isn't about tough
(34:28 / All) TheCruelBeast: seem*
(34:28 / All) MANCERAYDAR.: thats wut u get bitch yellow
(34:31 / All) MANCERAYDAR.: for not giving me gold
(34:33 / All) MANCERAYDAR.: or letting meuse pink
(34:56 / All) TheCruelBeast: Green is just about the toughest lesbian I know
(35:02 / All) SpicyHam: start reaching out to ur identical cancer, there are many of u fellow weirdo males out there
(35:12 / All) SpicyHam: u r doing big things in a faceless medium
(35:26 / All) TheCruelBeast: Dykes will be drowned in lakes and rivers
(35:38 / All) TheCruelBeast: How do you like them apples?
(35:46 / All) SpicyHam: u r just a sour little bitch who doesn't do nothing big but begging us for help through this way
(35:59 / All) SpicyHam: kinda fits that trait by detected characteristics so far
(36:06 / All) TheCruelBeast: You speak in tongues
(36:11 / All) TheCruelBeast: Incoherent babble
(36:13 / All) SpicyHam: if I get mad. I will not only hang u
(36:17 / All) TheCruelBeast: Nerd spew
(36:21 / All) SpicyHam: I will hang Blizzard for not banning bigots like u with vigilance fast enough
(36:26 / All) TheCruelBeast: Go munch on a rug you dyke
(36:28 / All) TheCruelBeast: Scumbag
(36:35 / All) SpicyHam: keep taunting, I will just level up ur gas, and what can u do
(36:45 / All) SpicyHam: little tryhard, who doesn't serve me, and seek sto venture on its own
(36:46 / All) TheCruelBeast: You can't do shit you fucking trucker hat wearing half-man
(36:54 / All) SpicyHam: ur types if there are 60 million, will only be drowned in chambers
(36:58 / All) MANCERAYDAR.: lollllllll
(37:02 / All) TheCruelBeast: Fat lesbian LOL
(37:24 / All) SpicyHam: this guy is stupid
(37:36 / All) SpicyHam: whatever his soul or his sub-concious is doing, he mistakes me for those guys, and presumes
(37:37 / All) TheCruelBeast: Get over yourself carpet munching scumbag
(37:55 / All) SpicyHam: I am not gonna really blame u for being here, but ur raped mother
(38:07 / All) SpicyHam: why didn't that wh0re abort this one. Case like such is prevelent
(38:34 / All) SpicyHam: ya this faggot is gonna do real things in this world
(38:39 / All) MANCERAYDAR.: lol
(38:44 / All) TheCruelBeast: Shut up, Chaz
(38:46 / All) kellonie: oij isnt any differnt
(38:51 / All) SpicyHam: by the time I do it for him, it will then not respect, butcontinue with same rhetoric
(38:55 / All) MANCERAYDAR.: yellow stfu nigga u lost
(38:58 / All) kellonie: oj and teal are in the same boat fyi
(38:58 / All) MANCERAYDAR.: me and teal won
(39:01 / All) TheCruelBeast: Chaz Bono over here LOL
(39:19 / Allies) SpicyHam: die in a little fire faggot
(39:27 / All) TheCruelBeast: Chaz Bono huswoman to Rosie ODonnell
(39:42 / All) MANCERAYDAR.: yellow is spammping to make any unit for pink
(39:49 / All) MANCERAYDAR.: he realizes he needs to kill my burrow
(40:19 / Allies) SpicyHam: computer-science knowled-geless faggot
(40:28 / Allies) SpicyHam: who thinks self is something, an adequate entity just 'cause he got war3
(40:28 / All) MANCERAYDAR.: thats it we cant do anything
(40:34 / Allies) SpicyHam: anybody could, u stupid. takes no requirement right now
(40:43 / Allies) SpicyHam: r u gonna hog on this game and no finish
(40:43 / All) TheCruelBeast: Green is some fat dyke learning how to build computers at the community college
(40:49 / All) MANCERAYDAR.: we have a history with yellow, kellonie
(40:51 / All) MANCERAYDAR.: im sure of it
(41:10 / All) kellonie: dude u are a sad strange little man
(41:24 / All) TheCruelBeast: It's a dyke
(41:24 / Allies) SpicyHam: this is why bnet is messed
(41:26 / Allies) SpicyHam: we have these weirdo psychos here
(41:34 / Allies) SpicyHam: he is gonna kill all his units
(41:36 / All) TheCruelBeast: Stop putting yourself down, Chaz
(41:38 / Allies) SpicyHam: and make it a permanent draw
(41:46 / All) SpicyHam: u r struggling too much at life
(41:52 / All) TheCruelBeast: Chaz stop talking to yourself
(41:55 / All) TheCruelBeast: It simply isn't healthy
(41:56 / All) SpicyHam: just end ur pathetic fail of a walk
(42:00 / All) TheCruelBeast: Bnet isn't a mirror
(42:04 / All) SpicyHam: quit denying
(42:08 / All) SpicyHam: u were brooded to this world to serve me
(42:09 / All) MANCERAYDAR.: lol
(42:15 / All) MANCERAYDAR.: yellow calls me sad and strange yet he spams pink nonstop
(42:22 / All) TheCruelBeast: Dykes will never rule
(42:25 / All) TheCruelBeast: It's a man's world
(42:30 / All) TheCruelBeast: MALE SUPREMACY!
(42:34 / All) SpicyHam: now listen to my hynosis and show me ur pitiful disgrace
(42:45 / All) SpicyHam: males are predictable impulsive creatures
(42:53 / All) SpicyHam: who donates money regularly to their controller: f3males
(42:53 / All) MANCERAYDAR.: ellen page or emma watson could be a ruling dyke
(43:03 / All) TheCruelBeast: Men are the rules of the world
(43:10 / All) SpicyHam: hahahaha
(43:12 / All) SpicyHam: there is no men
(43:14 / All) TheCruelBeast: Women are baby machines and sandwich makers
(43:18 / All) SpicyHam: it's 3 genders: gays, males, and men
(43:24 / All) TheCruelBeast: Dykes are totally defective
(43:31 / All) SpicyHam: Those are the ideas the master controller keep u dogs under control
(43:36 / All) kellonie: i love fucking men with the strap on
(43:44 / All) kellonie: then stroking there little penis
(43:50 / All) SpicyHam: men will always die before us, the sisterhood
(43:53 / All) kellonie: making them bust all over them selfs
(43:59 / All) MANCERAYDAR.: kellonie: u could never win(35:23 / All) kellonie: so u have to cheat to win a video game to feel good about yourselfs
(44:00 / All) TheCruelBeast: Damn we must have found the famed Amazon
(44:04 / All) TheCruelBeast: Dyke warriors
(44:27 / All) kellonie: while i cream off a dildo pushing in my vag
(44:46 / All) MANCERAYDAR.: we have proof of owning yellow before im gonna copy paste
(44:49 / All) MANCERAYDAR.: his response
(44:49 / Allies) SpicyHam: this guy is gonna turn it into a draw
(44:56 / All) TheCruelBeast: May the butchest dyke achieve victory!
(45:00 / All) SpicyHam: this guy is gonna turn it int oa draw
(45:06 / All) TheCruelBeast: Show us who has the stones to be a 3 quarters man!